 Dungeon Crawl Stone Soup version 0.31-a0-963-ga325b2283a (webtiles) character file.

Game seed: 6198953462985481522

133 IdlyInterested the Trooper (level 4, -5/37 HPs)
             Began as a Demonspawn Fighter on Oct 25, 2023.
             Killed from afar by an orc wizard (9 damage)
             ... with a puff of flame
             ... on level 4 of the Dungeon.
             The game lasted 00:09:23 (2897 turns).

IdlyInterested the Trooper (Demonspawn Fighter)     Turns: 2897, Time: 00:09:24

Health: -5/37      AC:  8    Str: 16    XL:     4   Next: 93%
Magic:  4/4        EV:  9    Int:  9    God:
Gold:   126        SH:  0    Dex: 15    Spells: 3/3 levels left

rFire   . .          .
                       - Unarmed
rCold   . . .        b - +0 buckler
rNeg    . . .        a - +0 scale mail
rPois   .            (helmet restricted)
rElec   .            (no cloak)
rCorr   .            (no gloves)
SInv    .            m - +1 pair of boots
Will    .....        (no amulet) Stlth
                     d - ring of flight
HPRegen 0.26/turn    (no ring)
MPRegen 0.09/turn

%: no passive effects
@: confused, flying
A: antennae 1, icemail 1, condensation shield
a: no special abilities


You were on level 4 of the Dungeon.
You visited 1 branch of the dungeon, and saw 4 of its levels.

You collected 126 gold pieces.

Inventory:

Hand Weapons
 f - a +0 whip
 h - a +0 dagger
 k - a +0 hand axe
 s - a +0 flail
Missiles
 l - 8 poisoned darts (quivered)
 q - 17 stones
 t - 2 boomerangs
Armour
 a - a +0 scale mail (worn)
 b - a +0 buckler (worn)
 j - a +0 ring mail
 m - a +1 pair of boots (worn)
Magical Staves
 r - a staff of cold
Jewellery
 d - a ring of flight (left hand)
Scrolls
 g - a scroll of immolation {unknown}
 i - a scroll of poison {unknown}
 n - a scroll of teleportation {unknown}
 o - a scroll of identify
 u - 3 scrolls of noise {unknown}
Potions
 c - a potion of attraction
 p - a potion of invisibility


   Skills:
 - Level 4.0 Fighting
 - Level 1.0 Throwing
 - Level 3.0 Armour
 + Level 1.3 Dodging
 - Level 1.0 Stealth
 * Level 3.4 Shields
 - Level 1.7 Unarmed Combat
 - Level 1.0 Evocations


You had 3 spell levels left.
You didn't know any spells.
Your spell library contained the following spells:

 Spells                   Type           Power      Damage    Failure   Level
 Slow                     Hex            0%         N/A       88%         1
 Ensorcelled Hibernation  Hex/Ice        0%         N/A       96%         2
 Jinxbite                 Hex            0%         N/A       96%         2
 Poisonous Vapours        Pois/Air       0%         N/A       96%         2
 Call Canine Familiar     Summ           0%         N/A       99%         3
 Confusing Touch          Hex            0%         N/A       99%         3
 Mephitic Cloud           Conj/Pois/Air  0%         N/A       99%         3
 Sigil of Binding         Hex            0%         N/A       99%         3
 Summon Guardian Golem    Hex/Summ       0%         N/A       99%         3
 Vampiric Draining        Necr           0%         2d6       99%         3
 Anguish                  Hex/Necr       0%         N/A       100%        4
 Freezing Cloud           Conj/Ice/Air   0%         6-21      100%        5
 Summon Forest            Summ/Tloc      0%         N/A       100%        5
 Summon Horrible Things   Summ           0%         N/A       100%        8


Dungeon Overview and Level Annotations

Branches:
Dungeon (4/15)
 Temple: D:4-7

Altars:

Shops:
D:3 [

Annotations:
D:2 1 runed translucent door, Crazy Yiuf


Innate Abilities, Weirdness & Mutations

You have a pair of small antennae on your head.
A meltable icy envelope protects you from harm. (AC +0)
A meltable shield of frost defends you. (SH +0)


Message History

You hit the orc.
You kill the orc!
Something hits you.
* * * LOW HITPOINT WARNING * * *
Something hits you but does no damage.
You feel better. Something hits you.
* * * LOW HITPOINT WARNING * * *
You miss something. Something hits you but does no damage.
You miss something. Something hits you but does no damage.
You closely miss something.
You hear some strange, mumbled words.
You are confused.
You bump into the rock wall.
An orc wizard appears from thin air!
Reactivating autopickup.
The orc wizard gestures at you while chanting.
You resist with some effort.
The orc wizard gestures at you while chanting.
The puff of flame hits you.
* * * LOW HITPOINT WARNING * * *
The orc wizard hits you but does no damage.
You feel less confused.
The orc wizard points at you and mumbles some strange words.
The puff of flame hits you.
* * * LOW HITPOINT WARNING * * *
You hit the orc wizard.
The orc wizard is lightly wounded.
The orc wizard casts a spell at you. The puff of flame hits you.
* * * LOW HITPOINT WARNING * * *
You hit the orc wizard.
The orc wizard is moderately wounded.
The orc wizard points at you and mumbles some strange words.
You are confused.
You bump into the rock wall.
The orc wizard hits you with a +0 dagger.
* * * LOW HITPOINT WARNING * * *
Okay, then.
The orc wizard gestures at you while chanting.
The puff of flame hits you!
You die...

###########
#..<.......
#.).....#.#
#..####....
#.)# .#.
#..# #).#
#o@# #..#
#..# #..#
#... #....
###..# ..#
..#


You could see an orc wizard.

Vanquished Creatures
  6 adders
  A worm (D:2)
  2 dart slugs
  4 orcs
  4 endoplasms
  4 giant cockroaches
  5 goblins
  8 hobgoblins
  3 jackals (D:2)
  5 kobolds
  2 quokkas
  7 ball pythons
  7 bats
  A frilled lizard (D:2)
  7 rats
66 creatures vanquished.

Notes
Turn   | Place    | Note
-------+----------+-------------------------------------------
     0 | D:1      | IdlyInterested the Demonspawn Fighter began the quest for
                  | the Orb.
     0 | D:1      | Reached XP level 1. HP: 18/18 MP: 1/1
    41 | D:1      | Found a faded altar of an unknown god.
   390 | D:1      | Reached skill level 1 in Throwing
   390 | D:1      | Gained mutation: A meltable shield of frost defends you.
                  | (SH +0) [demonic ancestry]
   390 | D:1      | Reached XP level 2. HP: 24/24 MP: 2/2
   852 | D:1      | Reached skill level 1 in Dodging
   865 | D:1      | Reached skill level 1 in Stealth
   923 | D:2      | Reached skill level 1 in Evocations
   923 | D:2      | Gained mutation: A meltable icy envelope protects you from
                  | harm. (AC +0) [demonic ancestry]
   923 | D:2      | Reached XP level 3. HP: 17/29 MP: 3/3
  1459 | D:2      | Gained mutation: You have a pair of small antennae on your
                  | head. [demonic ancestry]
  1459 | D:2      | Reached XP level 4. HP: 36/37 MP: 4/4
  1636 | D:2      | Found a runed translucent door.
  1637 | D:2      | Noticed Crazy Yiuf
  1685 | D:3      | Identified the "Xivug"
  2004 | D:3      | Reached skill level 4 in Fighting
  2027 | D:3      | Found Ufroedd's Antique Armour Shop.
  2897 | D:4      | Killed from afar by an orc wizard

Illustrated notes

Levels and vault maps discovered:
D:1:      dpeg_arrival_long_road, layout_basic,
          dreamdust_ecumenical_altar_statues, nicolae_figureground_sparkle
D:2:      layout_rooms, uniq_crazy_yiuf_cottage
D:3:      minmay_door_path, layout_loops_corners, serial_shops,
          nicolae_shop_rolling_square
D:4:      layout_loops_ring, nemelex_dance_club_becter

Skill      XL: |  1  2  3  4 |
---------------+-------------+-----
Armour         | 3 |  3.0
Throwing       | 1 |  1.0
Dodging        | 1 |  1.3
Stealth        | 1 |  1.0
Evocations     | 1 |  1.0
Fighting       | 4 |  4.0
Shields        | 3 |  3.4
Unarmed Combat | |  1.7

Action                     |  1- 3 |  4- 6 || total
---------------------------+-------+-------++-------
  Melee: Unarmed           |   198 |   209 ||   407
  Throw: Stone             |     2 |       ||     2
    Use: Potion            |     2 |     3 ||     5
         Scroll            |       |     2 ||     2
 Armour: Scale mail        |   109 |   157 ||   266
  Dodge: Dodged            |    68 |    68 ||   136
  Block: Buckler           |    98 |    84 ||   182

Table legend: (Time is in decaauts)
 A = Elapsed time spent in this place.
 B = Non-inter-level travel time spent in this place.
 C = Inter-level travel time spent in this place.
 D = Time resting spent in this place.
 E = Time spent auto-exploring this place.
 F = Levels seen in this place.
 G = Mean time per level.
                   A        B        C        D        E       F      G
               +--------+--------+--------+--------+--------+-----+--------+
         Total |   2902 |   2636 |    266 |    188 |   1501 |   4 |  725.5 |
       Dungeon |   2902 |   2636 |    266 |    188 |   1501 |   4 |  725.5 |
               +--------+--------+--------+--------+--------+-----+--------+

Top non-repeatable levels by time:
     D:3: 1126 daAuts
     D:1: 1012 daAuts
     D:2: 702 daAuts
     D:4: 60 daAuts
